 Dungeon Crawl Stone Soup version 0.32-a0-314-g526f7d4993 (webtiles) character file.

Game seed: 4479392939639918355

6788 Essalna the Destroyer (level 10, -1/60 HPs)
             Began as a Deep Elf Earth Elementalist on Feb 16, 2024.
             Was a Priest of Vehumet.
             Killed from afar by Fannar (22 damage)
             ... with a bolt of cold
             ... on level 11 of the Dungeon.
             The game lasted 00:21:52 (8949 turns).

Essalna the Destroyer (Deep Elf Earth Elementalist) Turns: 8949, Time: 00:21:52

Health: -1/60      AC:  7    Str:  5    XL:     10   Next: 76%
Magic:  21/21      EV: 15    Int: 31    God:    Vehumet [***...]
Gold:   801        SH:  0    Dex: 15    Spells: 15/21 levels left

rFire   . . .        D - staff "Opuoplen" {rN+ Stlth- Necro Tloc Earth}
rCold   . . .        (no shield)
rNeg    + . .        u - +1 leather armour {Will+}
rPois   .            I - +0 helmet
rElec   .            x - +0 cloak
rCorr   .            (no gloves)
SInv    .            (no boots)
Will    +++..        n - amulet of magic regeneration
Stlth   +            d - ring of willpower
HPRegen 0.30/turn    H - +6 ring of intelligence
MPRegen 0.57/turn

%: no passive effects
@: about to teleport
A: no striking features
a: Renounce Religion


You were on level 11 of the Dungeon.
You worshipped Vehumet.
Vehumet was most pleased with you.
You visited 3 branches of the dungeon, and saw 13 of its levels.

You collected 856 gold pieces.
You spent 55 gold pieces at shops.

Inventory:

Hand Weapons
 q - a +1 dagger of venom
Missiles
 c - a throwing net
Armour
 u - a +1 leather armour of willpower (worn)
 x - a +0 cloak (worn)
 I - a +0 helmet (worn)
 K - a +0 leather armour of fire resistance
Magical Staves
 D - the staff "Opuoplen" (weapon) {rN+ Stlth- Necro Tloc Earth}
   (You found it on level 7 of the Dungeon)

   [staff of death]

   Base accuracy: +5 Base damage: 5 Base attack delay: 1.2 This weapon's minimum
   attack delay (0.6) is reached at skill level 12.
   rN+:       It protects you from negative energy.
   Stlth-:    It makes you less stealthy.
   Necro:     It increases the power of your Necromancy spells.
   Tloc:      It increases the power of your Translocations spells.
   Earth:     It increases the power of your Earth spells.
   It falls into the 'Staves' category.
   It is a one-handed weapon.
Jewellery
 d - a ring of willpower (left hand)
 n - an amulet of magic regeneration (around neck)
 t - a ring of positive energy
 B - a +4 ring of slaying
 G - a ring of wizardry
 H - a +6 ring of intelligence (right hand)
 M - an amulet of guardian spirit
Wands
 a - a wand of charming (6)
 y - a wand of roots (7)
 A - a wand of mindburst (17)
 C - a wand of flame (34)
 L - a wand of digging (5)
Scrolls
 i - 2 scrolls of identify
 j - a scroll of enchant weapon
 k - a scroll of fog
 s - 4 scrolls of vulnerability
 w - a scroll of silence {unknown}
 E - a scroll of poison {unknown}
 F - a scroll of enchant armour {unknown}
 J - a scroll of immolation {unknown}
Potions
 b - 2 potions of magic
 e - a potion of attraction {unknown}
 f - 2 potions of ambrosia {unknown}
 g - 2 potions of curing
 h - 2 potions of degeneration {unknown}
 l - 2 potions of lignification {unknown}
 m - 2 potions of might {unknown}
 o - 2 potions of brilliance {unknown}
 r - a potion of haste {unknown}
 z - a potion of berserk rage {unknown}


   Skills:
 + Level 6.2 Fighting
 - Level 6.0 Armour
 - Level 9.0 Dodging
 - Level 2.4 Stealth
 + Level 6.0 Spellcasting
 + Level 9.5 Conjurations
 - Level 6.0 Earth Magic


You had 15 spell levels left.
You knew the following spells:

 Your Spells              Type           Power      Damage    Failure   Level
a - Sandblast             Erth           100%       2d20      1%          1
b - Stone Arrow           Conj/Erth      100%       3d13      1%          3
c - Blink                 Tloc           28%        N/A       12%         2

Your spell library contained the following spells:

 Spells                   Type           Power      Damage    Failure   Level
 Inner Flame              Hex/Fire       9%         N/A       6%          3
 Magic Dart               Conj           100%       1d8       1%          1
 Dazzling Flash           Conj/Hex       76%        N/A       1%          3
 Mephitic Cloud           Conj/Alch/Air  29%        N/A       1%          3
 Passwall                 Erth           63%        N/A       1%          3
 Brom's Barrelling Bould  Conj/Erth      72%        2d9       1%          4
 Call Imp                 Summ           18%        N/A       12%         2
 Ensorcelled Hibernation  Hex/Ice        18%        N/A       12%         2
 Sublimation of Blood     Necr           14%        N/A       12%         2
 Swiftness                Air            9%         N/A       22%         3
 Petrify                  Alch/Erth      42%        N/A       22%         4
 Curse of Agony           Necr           14%        N/A       91%         5
 Silence                  Hex/Air        4%         N/A       91%         5
 Summon Hydra             Summ           4%         N/A       100%        7


Dungeon Overview and Level Annotations

Branches:
Dungeon (10/15)            Temple (1/1) D:5             Orc (1/2) D:9
   Lair: D:8-11

Altars:
Ashenzari
Cheibriados
Dithmenos
Elyvilon
Fedhas
Gozag
Hepliaklqana
Kikubaaqudgha
Makhleb
Nemelex Xobeh
Okawaru
Qazlal
Ru
Sif Muna
Trog
Uskayaw
Vehumet
Wu Jian
Xom
Yredelemnul
Zin
The Shining One
Beogh

Shops:
D:4 !   D:6 :

Portals:
Abyss: D:8

Annotations:
D:4 Edmund
D:8 2 transporters, Muffindrake's ghost, novice DrEE
D:11 Fannar


Message History

Orders for allies: a - Attack new target. r - Retreat! s - Stop attacking. g - Guard the area. f - Follow me.
Anything else - Cancel.
Gang up on whom?
Press: ? - help, Dir - move target There's nothing there!
Casting: Sandblast (safe; 1% risk of failure)
Confirm with . or Enter, or press ? or * to list all spells.
You can't see any susceptible monsters within range! (Use Z to cast anyway.)
Casting: Sandblast (safe; 1% risk of failure)
Confirm with . or Enter, or press ? or * to list all spells.
Aiming: Sandblast (safe; 1% risk of failure)
Press: ? - help, Shift-Dir - straight line You feel a surge of power!
Something hits you.
* * * LOW HITPOINT WARNING * * *
Something barely misses you. Something hits your manticore!
Your cyclops closely misses something.
You feel better. Something hits you!
* * * LOW HITPOINT WARNING * * *
Your cyclops hits something! Something barely misses you.
You feel better.
As you read the scroll of teleportation, it crumbles to dust.
You feel strangely unstable. Something hits your cyclops!
Something hits your cyclops!
Your surroundings suddenly seem different.
Your manticore dissolves into shadows!
Your cyclops dissolves into shadows!
Fannar is nearby!
There is an open door here.
Fannar is nearby!
Fannar gestures wildly while chanting.
Fannar drains the heat from the surrounding environment!
Ouch! That really hurt!
* * * LOW HITPOINT WARNING * * *
As you read the scroll of teleportation, it crumbles to dust.
You feel strangely unstable. Fannar gestures at you while chanting.
The bolt of cold hits you!!
You die...

... .... #### ....
##..####.....
#......#......
#......'......
#@.....# ....
#######e.# .....
#.....#..##....
#.....#...'....
#.....#...#....
#.....#...# .......+
#.....##..# .......#
#......#e.###....e..
#.....)#....#.......


You could see Fannar.

Vanquished Creatures
  2 two-headed ogres (D:11)
  Maurice (D:9)
  A hornet (D:8)
  A wyvern (D:9)
  Eustachio (D:4)
  3 acid dragons
  2 water moccasins
  4 orc warriors
  A sky beast (D:7)
  An ice beast (D:4)
  2 ogres
  A phantom (D:5)
  4 centaurs
  3 kobold brigands
  3 bullfrogs
  A gnoll sergeant (D:7)
  4 scorpions
  9 wights
  8 killer bees
  A howler monkey (D:8)
  3 bombardier beetles
  4 jellies
  2 hounds
  A gnoll bouda (D:5)
  12 orc priests
  15 orc wizards
  3 iguanas (D:6)
  2 sleepcaps
  8 gnolls
  5 adders
  A shadow imp (D:6)
  A white imp (D:7)
  2 ufetubi (D:5)
  A dart slug (D:1)
  A ribbon worm (D:2)
  46 orcs
  7 bats
  4 endoplasms
  6 giant cockroaches
  7 goblins
  5 hobgoblins
  4 jackals (D:3)
  6 quokkas
  8 ball pythons
  3 frilled lizards
  15 kobolds
  7 rats
232 creatures vanquished.

Notes
Turn   | Place    | Note
-------+----------+-------------------------------------------
     0 | D:1      | Essalna the Deep Elf Earth Elementalist began the quest for
                  | the Orb.
     0 | D:1      | Reached XP level 1. HP: 10/10 MP: 6/6
   131 | D:1      | Reached XP level 2. HP: 15/15 MP: 6/8
   305 | D:1      | Reached XP level 3. HP: 19/19 MP: 6/10
   438 | D:1      | Learned a level 3 spell: Stone Arrow
   519 | D:1      | Found a faded altar of an unknown god.
   988 | D:2      | Reached XP level 4. HP: 24/24 MP: 10/12
  1402 | D:3      | Noticed a scorpion
  1413 | D:3      | Killed a scorpion
  1414 | D:3      | Reached XP level 5. HP: 12/28 MP: 0/14
  1775 | D:3      | Learned a level 2 spell: Blink
  1828 | D:3      | Reached skill level 5 in Spellcasting
  1916 | D:3      | Reached skill level 5 in Earth Magic
  2115 | D:4      | Reached XP level 6. HP: 32/32 MP: 13/15
  2188 | D:4      | Noticed an ice beast
  2196 | D:4      | Killed an ice beast
  2197 | D:4      | Reached skill level 1 in Fighting
  2197 | D:4      | Reached skill level 1 in Armour
  2197 | D:4      | Reached XP level 7. HP: 18/38 MP: 9/16
  2279 | D:4      | Found Vekkuuni's Distillery.
  2304 | D:4      | Bought a potion of heal wounds for 55 gold pieces
  2474 | D:4      | Noticed Eustachio
  2481 | D:4      | Killed Eustachio
  2482 | D:4      | Reached skill level 5 in Conjurations
  2523 | D:4      | Noticed Edmund
  2840 | D:5      | Entered Level 5 of the Dungeon
  2872 | D:5      | Found a staircase to the Ecumenical Temple.
  2879 | Temple   | Entered the Ecumenical Temple
  2898 | Temple   | Became a worshipper of Vehumet
  2980 | D:5      | Reached XP level 8. HP: 22/44 MP: 15/17
  3360 | D:6      | Found Ruawnola's Book Boutique.
  3470 | D:6      | Reached skill level 5 in Dodging
  3685 | D:6      | Reached * piety under Vehumet
  3685 | D:6      | Offered knowledge of Sting by Vehumet.
  4198 | D:7      | Found a blossoming altar of Fedhas.
  4755 | D:7      | Reached XP level 9. HP: 52/52 MP: 18/18
  4813 | D:7      | Found a hide-covered altar of Uskayaw.
  4814 | D:7      | Found a hazy altar of Hepliaklqana.
  4816 | D:7      | Found a sacrificial altar of Ru.
  5270 | D:8      | Noticed an ancient zyme
  5279 | D:8      | Found a transporter.
  5545 | D:7      | Identified the staff "Opuoplen" {rN+ Stlth- Necro Tloc
                  | Earth}
  5895 | D:8      | Offered knowledge of Shock by Vehumet.
  5898 | D:8      | Reached ** piety under Vehumet
  5961 | D:8      | Paralysed by a hornet for 1 turns
  6178 | D:8      | Noticed Muffindrake's ghost (novice DrEE)
  6513 | D:8      | Found a transporter.
  6515 | D:8      | Found a one-way gate to the infinite horrors of the Abyss.
  6578 | D:8      | Reached skill level 5 in Fighting
  7001 | D:9      | Reached skill level 5 in Armour
  7155 | D:9      | Noticed Maurice
  7171 | D:9      | Killed Maurice
  7171 | D:9      | Offered knowledge of Searing Ray by Vehumet.
  7172 | D:9      | Reached XP level 10. HP: 55/59 MP: 8/19
  7433 | D:9      | Found a staircase to the Orcish Mines.
  7451 | D:9      | Reached *** piety under Vehumet
  7458 | D:9      | Found a roughly hewn altar of Beogh.
  7778 | Orc:1    | Entered Level 1 of the Orcish Mines
  7896 | Orc:1    | Noticed a kobold blastminer
  8081 | D:10     | Entered Level 10 of the Dungeon
  8505 | D:10     | You fall into a shaft and drop 1 floor!
  8527 | D:11     | Noticed Fannar
  8692 | D:11     | Noticed a two-headed ogre
  8697 | D:11     | Killed a two-headed ogre
  8755 | D:11     | Noticed a two-headed ogre
  8761 | D:11     | Killed a two-headed ogre
  8761 | D:11     | Offered knowledge of Inner Flame by Vehumet.
  8849 | D:11     | HP: 3/60 [something (8)]
  8949 | D:11     | Killed from afar by Fannar

Illustrated notes

Levels and vault maps discovered:
D:1:      minmay_arrival_nine_rooms, layout_rooms,
          chequers_ecumenical_altar_island
D:2:      layout_basic
D:3:      layout_loops_ring
D:4:      layout_loops_cross, serial_shops, shop_coins, minmay_ruptured,
          uniq_edmund, uniq_eustachio
D:5:      layout_rooms, temple_green
D:6:      layout_loops_ring, serial_shops, shop, minmay_fractal_squares_5
D:7:      layout_basic, grunt_temple_overflow_open, minmay_misc_feat_rows
D:8:      layout_gridville, gammafunk_ghost_abyssal_escape, minivault_22,
          st_stairs_14, amcnicky_mini_rare_corridor_liquid, minivault_5
D:9:      layout_loops_cross, minmay_orc_entry_temple_small, uniq_maurice
D:10:     minmay_the_grid_triangle_9x9_rhombus_thin
          [minmay_the_grid_triangle_9x9_checkered,
          minmay_the_grid_triangle_9x9_prize_schism,
          minmay_the_grid_triangle_9x9_wacky_v,
          minmay_the_grid_triangle_9x9_odd_lines], layout_layer_cave,
          dpeg_oklobed_lair
D:11:     layout_gridville, enter_trove_3, uniq_fannar
Temple:   nicolae_temple_two_arcs
Orc:1:    layout_caves

Skill      XL: |  1  2  3  4  5  6  7  8  9 10 |
---------------+-------------------------------+-----
Conjurations   | 2 3 4 5 6 8 9 |  9.5
Spellcasting   | 4 5 6 |  6.0
Earth Magic    | 4 5 6 |  6.0
Fighting       | 1 2 3 5 6 |  6.2
Armour         | 1 2 3 5 6 |  6.0
Dodging        | 3 4 6 8 9 |  9.0
Stealth        | |  2.4

Action                     |  1- 3 |  4- 6 |  7- 9 | 10-12 || total
---------------------------+-------+-------+-------+-------++-------
  Melee: Unarmed           |     1 |       |     1 |       ||     2
         Dagger            |       |       |     9 |       ||     9
   Cast: Sandblast         |    44 |    66 |   205 |    50 ||   365
         Stone Arrow       |       |     6 |    31 |    28 ||    65
         Blink             |       |       |     2 |       ||     2
    Use: Potion            |       |     1 |     5 |     4 ||    10
         Scroll            |       |       |     7 |     4 ||    11
 Armour: Robe              |     4 |    21 |     1 |       ||    26
         Leather armour    |       |       |   101 |    45 ||   146
  Dodge: Dodged            |     6 |    21 |    78 |    34 ||   139

Table legend: (Time is in decaauts)
 A = Elapsed time spent in this place.
 B = Non-inter-level travel time spent in this place.
 C = Inter-level travel time spent in this place.
 D = Time resting spent in this place.
 E = Time spent auto-exploring this place.
 F = Levels seen in this place.
 G = Mean time per level.
                   A        B        C        D        E       F      G
               +--------+--------+--------+--------+--------+-----+--------+
         Total |   9133 |   8689 |    444 |    228 |   7016 |  13 |  702.5 |
       Dungeon |   8961 |   8526 |    435 |    228 |   6922 |  11 |  814.6 |
        Temple |     28 |     20 |      8 |      0 |      0 |   1 |   28.0 |
  Orcish Mines |    143 |    142 |      1 |      0 |     94 |   1 |  143.0 |
               +--------+--------+--------+--------+--------+-----+--------+

Top non-repeatable levels by time:
     D:8: 1359 daAuts
     D:7: 1157 daAuts
     D:9: 981 daAuts
     D:6: 920 daAuts
     D:4: 829 daAuts
     D:5: 768 daAuts
     D:3: 759 daAuts
     D:1: 671 daAuts
     D:2: 638 daAuts
    D:11: 445 daAuts
    D:10: 430 daAuts
   Orc:1: 143 daAuts
  Temple: 28 daAuts
